AoeStats
← Clown

Hideout

503348241Analyzed
4v4 RM · 1mo ago on Aug 31, 2026· 35m 46s· 8 players
Game mode
Random Map
Map size
Large (8 player)
Population
200
Speed
Normal
Resources
Standard
Victory
Conquest
Starting age
Dark Age
Ending age
Imperial Age
RankedLock teamsTeams togetherTeam positionsShared explorationLock speedFull tech treeHidden civsTurbo modeCheats
Victory
Defeat
🇦🇷 Sicilians · Argentina
1967
+3
🇻🇳 Lithuanians · Vietnam
1890
+5
🇨🇳 Inca · China
1809
+7
🇨🇳 Portuguese · China
1684
+12
🇮🇳 Turks · India
1662
-9
🇹🇼 Italians · Taiwan
1617
-7
🇳🇱 Huns · Netherlands
1557
-5
🇩🇪 Bohemians · Germany
1551
-5
黑暗中漫舞.
9:57 Feudal Age
10:53 Double-Bit Axe
13:58 Castle Age
12:45 Horse Collar
15:13 Bow Saw
21:14 Wheelbarrow
20:50 Heavy Plow
22:40 Hand Cart
22:28 Gold Mining
23:54 Town Watch
27:20 Imperial Age
25:08 Scale Mail Armor
24:59 Loom
26:04 Chain Mail Armor
26:36 Gold Shaft Mining
25:51 Stone Mining
26:29 Forging
25:43 Pikeman
25:46 Champi Runner
26:31 Squires
26:17 Arson
27:43 Stone Shaft Mining
27:05 Champi Warrior
28:38 Conscription
28:21 Fabric Shields
28:03 Elite Champi Warrior
30:00 Plate Mail Armor
30:33 Iron Casting
30:37 Capped Ram
32:38 Blast Furnace
33:09 Siege Ram
34:29 Fletching
35:36 Caravan
36:07 Coinage
35:47 Guilds
Fish
10:28 Feudal Age
15:03 Castle Age
12:54 Double-Bit Axe
13:16 Horse Collar
15:17 Bloodlines
15:57 Bow Saw
17:08 Husbandry
17:58 Bloodlines
20:53 Gold Mining
24:08 Loom
25:27 Wheelbarrow
25:57 Scale Barding Armor
26:51 Hand Cart
27:33 Chain Barding Armor
29:03 Forging
34:04 Imperial Age
32:20 Iron Casting
32:31 Town Watch
33:42 Gold Shaft Mining
32:58 Stone Mining
34:11 Cavalier
35:27 Plate Barding Armor
35:01 Hauberk
35:56 Conscription
36:38 Blast Furnace
Clown
8:39 Loom
10:24 Feudal Age
14:45 Castle Age
13:21 Double-Bit Axe
13:48 Horse Collar
14:32 Gold Mining
17:16 Wheelbarrow
17:48 Bow Saw
24:08 Stone Mining
25:33 Hand Cart
30:17 Imperial Age
28:36 Heavy Plow
29:42 Stone Shaft Mining
29:17 Town Watch
31:00 Ballistics
30:51 Masonry
30:26 Elite Organ Gun
32:21 Chemistry
32:10 Conscription
33:09 Siege Engineers
33:17 Guilds
33:38 Coinage
34:56 Two-Man Saw
36:27 Banking
saymynameBook
5:48 Loom
8:25 Feudal Age
8:27 Man-at-Arms
9:02 Double-Bit Axe
14:14 Horse Collar
22:06 Castle Age
21:19 Gold Mining
21:55 Fletching
22:50 Bodkin Arrow
23:21 Guard Tower
25:57 Bow Saw
27:02 Sanctity
27:24 Fervor
28:06 Town Watch
29:41 Wheelbarrow
29:22 Heavy Plow
32:08 Hand Cart
38:23 Imperial Age
36:20 Redemption
baby
10:52 Feudal Age
14:46 Castle Age
13:58 Double-Bit Axe
23:05 Scale Barding Armor
22:49 Loom
23:47 Bloodlines
26:03 Wheelbarrow
26:06 Bow Saw
27:13 Husbandry
28:07 Forging
27:46 Town Watch
30:57 Chain Barding Armor
33:41 Imperial Age
33:01 Iron Casting
33:06 Gold Mining
33:48 Cavalier
35:10 Plate Barding Armor
Mr Bowll
8:58 Feudal Age
9:57 Double-Bit Axe
18:04 Castle Age
17:17 Loom
18:21 Scale Barding Armor
18:27 Forging
19:26 Chain Barding Armor
34:31 Devotion
DYS.K
11:04 Feudal Age
14:54 Castle Age
12:52 Double-Bit Axe
14:15 Loom
15:51 Fletching
16:18 Bow Saw
17:59 Horse Collar
25:41 Imperial Age
23:27 Fletching
23:29 Gold Mining
24:52 Bodkin Arrow
25:53 Padded Archer Armor
27:26 Chemistry
28:06 Bracer
28:14 Town Watch
31:34 Ballistics
fadeaway
6:59 Loom
9:39 Feudal Age
10:58 Double-Bit Axe
13:26 Horse Collar
18:08 Padded Archer Armor
18:01 Fletching
23:34 Castle Age
23:43 Crossbowman
24:24 Bodkin Arrow
27:10 Ballistics
30:05 Chemistry
32:25 Padded Archer Armor
Connection lost

Rejoining the realm…

Still unreachable

The connection could not be restored.

Session expired

The server has moved on; the page needs a fresh start.